 Dungeon Crawl Stone Soup version 0.20.1-1-g8b1a95d (webtiles) character file.

139 LadyOphelia the Chopper (level 5, -13/41 HPs)
             Began as a Human Berserker on Aug 13, 2017.
             Was a Priest of Trog.
             Killed from afar by a jackal (22 damage)
             ... with an exploding inner flame
             ... hexed by the player character
             ... on level 4 of the Dungeon.
             The game lasted 00:27:29 (3611 turns).

LadyOphelia the Chopper (Human Berserker)           Turns: 3611, Time: 00:27:29

Health: -13/41     AC: 10    Str: 19    XL:     5   Next: 46%
Magic:  5/5        EV:  5    Int:  7    God:    Trog [***...]
Gold:   207        SH:  8    Dex: 12    Spells: 4/4 levels left

rFire    . . .     SeeInvis .   t - +0 war axe
rCold    . . .     Gourm    .   d - +0 shield
rNeg     . . .     Faith    .   i - +0 chain mail
rPois    .         Spirit   .   (no helmet)
rElec    .         Reflect  .   (no cloak)
rCorr    .         Harm     .   (no gloves)
MR       .....                  q - +0 pair of boots
Stlth    ..........             r - amulet of inaccuracy
Regen    0.2/turn               (no ring)
MPRegen  0.1/turn               (no ring)

@: no status effects
A: no striking features
a: Berserk, Trog's Hand, Burn Spellbooks, Renounce Religion


You were on level 4 of the Dungeon.
You worshipped Trog.
Trog was most pleased with you.
You were not hungry.

You visited 1 branch of the dungeon, and saw 4 of its levels.

You collected 207 gold pieces.

Inventory:

Hand Weapons
 a - a +0 hand axe
 g - a +0 short sword
 t - a +0 war axe (weapon)
 w - a +4 quarterstaff of chaos
 y - a +0 mace
Missiles
 n - 44 arrows
 p - 8 poisoned needles
Armour
 b - a +0 animal skin
 d - a +0 shield (worn)
 e - a +1 cloak
 i - a +0 chain mail (worn)
 q - a +0 pair of boots (worn)
 x - a +0 cloak
Jewellery
 r - an amulet of inaccuracy (around neck)
Scrolls
 f - 3 scrolls of recharging {unknown}
 h - 2 scrolls of remove curse
 l - 2 scrolls of magic mapping {unknown}
 o - 5 scrolls of identify {unknown}
 z - a scroll of noise {unknown}
 C - a scroll of amnesia {unknown}
Potions
 j - 2 potions of curing {unknown}
 v - 2 potions of agility {unknown}
 A - a potion of brilliance {unknown}
Books
 u - a book of Maledictions

   Spells                             Type                      Level
   a - Corona                         Hexes                        1
   b - Ensorcelled Hibernation        Hexes/Ice                    2
   c - Confuse                        Hexes                        3
   d - Tukima's Dance                 Hexes                        3
   e - Dazzling Spray                 Conjuration/Hexes            3
   Trog disapproves of the use of such an item.
 B - a book of Minor Magic

   Spells                             Type                      Level
   a - Magic Dart                     Conjuration                  1
   b - Blink                          Translocation                2
   c - Call Imp                       Summoning                    2
   d - Slow                           Hexes                        2
   e - Conjure Flame                  Conjuration/Fire             3
   f - Mephitic Cloud                 Conjuration/Poison/Air       3
   Trog disapproves of the use of such an item.
Comestibles
 c - 2 bread rations
 m - a royal jelly
 s - 3 fruits


   Skills:
 + Level 3.3 Fighting
 + Level 4.5 Axes
 + Level 2.5 Armour
 + Level 2.4 Dodging
 + Level 0.2 Stealth
 + Level 1.7 Shields


You had 4 spell levels left.
You didn't know any spells.

Dungeon Overview and Level Annotations

Branches:
Dungeon (4/15)
 Temple: D:4-7

Altars:
Okawaru


Message History

The hound closely misses you.
As you read the scroll labeled WALIHO PURCHAOC, it crumbles to dust.
You feel as if something is helping you.
It was a scroll of remove curse.
The worker ant bites you but does no damage.
You block the jackal's attack. The hound bites you but does no damage.
The quokka barely misses you.
A giant cockroach comes into view.
None of your equipped items are cursed.
As you read the scroll labeled UZABYEL FUTZI, it crumbles to dust.
The creatures around you are filled with an inner flame!
It was a scroll of immolation.
You block the hound's attack.
The jackal bites you but does no damage.
The worker ant bites you but does no damage.
You block the quokka's attack. The hound bites you but does no damage.
You slash the jackal!
The jackal explodes!
The fiery explosion engulfs you!
Ouch! That really hurt!
You die...

# #. #. #####.#
......§### ##
#.....§§@#...##
.##..§ahr....#
#.....Z......#
#............#
#............#
#.............#
...##...#.....s.
.## #####...###.
...#


You could see a hound (inner flame), a worker ant (inner flame), a quokka (inner
flame), a giant cockroach (inner flame) and a jackal skeleton (inner flame).

Vanquished Creatures
  Crazy Yiuf (D:2)
  Jessica (D:3)
  An adder (D:2)
  An ooze (D:1)
  2 worms (D:2)
  A dart slug (D:3)
  A leopard gecko (D:2)
  An orc (D:3)
  6 bats
  5 giant cockroaches
  4 hobgoblins
  5 jackals
  A quokka (D:2)
  4 frilled lizards
  12 goblins
  7 kobolds
  11 rats
  2 fungi (D:2)
66 creatures vanquished.

Notes
Turn   | Place    | Note
-------+----------+-------------------------------------------
     0 | D:1      | LadyOphelia the Human Berserker began the quest for the Orb.
     0 | D:1      | Reached XP level 1. HP: 18/18 MP: 1/1
    89 | D:1      | Reached XP level 2. HP: 11/24 MP: 2/2
   848 | D:1      | Reached ** piety under Trog
   941 | D:1      | Reached XP level 3. HP: 29/29 MP: 3/3
  2241 | D:2      | Reached XP level 4. HP: 35/35 MP: 4/4
  2252 | D:2      | Reached skill level 4 in Axes
  2303 | D:2      | Found a runed door.
  2307 | D:2      | Noticed Crazy Yiuf
  2314 | D:2      | Killed Crazy Yiuf
  2314 | D:2      | Reached skill level 1 in Shields
  2545 | D:2      | HP: 1/35 [poisoned by an adder]
  3065 | D:3      | Reached XP level 5. HP: 41/41 MP: 5/5
  3189 | D:3      | Noticed Jessica
  3196 | D:3      | Killed Jessica
  3208 | D:3      | Reached *** piety under Trog
  3270 | D:3      | Found an iron altar of Okawaru.
  3611 | D:4      | Killed from afar by a jackal

Skill      XL: |  1  2  3  4 |
---------------+-------------+-----
Axes           | 4 |  4.5
Shields        | 1 |  1.7
Fighting       | |  3.3
Armour         | |  2.5
Dodging        | |  2.4
Stealth        | |  0.2

Action                   |  1- 3 |  4- 6 || total
-------------------------+-------+-------++-------
Melee: Hand axe          |   121 |       ||   121
       War axe           |    28 |   242 ||   270
  Use: Scroll            |       |     2 ||     2
  Eat: Meat ration       |     1 |       ||     1
       Bread ration      |       |     1 ||     1
       Chunk             |       |     1 ||     1
Armor: Animal skin       |     5 |       ||     5
       Chain mail        |    83 |   221 ||   304
Dodge: Dodged            |    40 |    88 ||   128
Block: Shield            |    59 |   119 ||   178
